 Dungeon Crawl Stone Soup version 0.27.0-1-g7a089689b8 (webtiles) character file.

Game seed: 9452292023633579443

41 Thatpatchoflichen the Ogre Mage (level 3, 0/35 HPs)
             Began as an Ogre Hedge Wizard on Aug 7, 2021.
             Succumbed to an adder's poison
             ... on level 2 of the Dungeon.
             The game lasted 00:05:58 (2113 turns).

Thatpatchoflichen the Ogre Mage (Ogre Hedge Wizard) Turns: 2113, Time: 00:05:59

Health: 0/35       AC:  3    Str: 14    XL:     3   Next: 52%
Magic:  7/8        EV:  9    Int: 16    God:
Gold:   59         SH:  0    Dex:  8    Spells: 3/10 levels left

rFire    . . .     SeeInvis .   e - +0 whip
rCold    . . .     Faith    .   (no shield)
rNeg     . . .     Spirit   .   b - +0 robe
rPois    .         Reflect  .   c - +0 hat
rElec    .         Harm     .   (no cloak)
rCorr    .         Rampage  .   (gloves unavailable)
Will     .....                  (boots unavailable)
Stlth    +.........             (no amulet)
HPRegen  0.11/turn              (no ring)
MPRegen  0.11/turn              (no ring)

@: lethally poisoned (0 -> -5)
A: large, unfitting armour, tough skin 1
a: no special abilities


You were on level 2 of the Dungeon.
You visited 1 branch of the dungeon, and saw 3 of its levels.

You collected 59 gold pieces.

Inventory:

Hand Weapons
 a - a +0 dagger
 e - a +0 whip (weapon)
 g - a +0 mace
Armour
 b - a +0 robe (worn)
 c - a +0 hat (worn)
Scrolls
 d - a scroll of enchant armour {unknown}
Potions
 f - 2 potions of berserk rage {unknown}
 h - a potion of heal wounds {unknown}


   Skills:
 + Level 2.1 Fighting
 + Level 1.0 Maces & Flails
 - Level 2.0 Dodging
 - Level 1.4 Stealth
 + Level 4.2 Spellcasting
 - Level 0.8 Conjurations
 - Level 0.8 Summonings
 - Level 0.8 Translocations


You had 3 spell levels left.
You knew the following spells:

 Your Spells              Type           Power      Damage    Failure   Level
a - Magic Dart            Conj           24%        1d4       12%         1
b - Call Imp              Summ           6%         N/A       17%         2
c - Slow                  Hex            3%         N/A       26%         2
d - Blink                 Tloc           N/A        N/A       17%         2

Your spell library contained the following spells:

 Spells                   Type           Power      Damage    Failure   Level
 Conjure Flame            Conj/Fire      4%         6-21      38%         3
 Mephitic Cloud           Conj/Pois/Air  4%         N/A       41%         3


Dungeon Overview and Level Annotations

Branches:
Dungeon (3/15)

Altars:


Innate Abilities, Weirdness & Mutations

You are too large for most types of armour.
You have tough skin. (AC +1)


Message History

You feel sick. The adder barely misses you. The adder bites you.
You barely miss the adder.
The adder is heavily wounded.
You feel sick.
You are no longer poisoned.
The adder bites you.
You completely miss the adder.
The adder is heavily wounded.
The adder barely misses you.
You closely miss the adder.
The adder is heavily wounded.
The adder barely misses you. The adder bites you.
The kobold shouts!
You hit the adder but do no damage.
The adder is heavily wounded.
The adder bites you.
You are poisoned.
The adder poisons you!
You barely miss the adder.
The adder is heavily wounded.
You feel sick. The adder bites you.
You feel sick. The adder bites you.
* * * LOW HITPOINT WARNING * * *
You are more poisoned.
The adder poisons you!
* * * LOW HITPOINT WARNING * * *
You feel sick.
* * * LOW HITPOINT WARNING * * *
You feel sick.
* * * LOW HITPOINT WARNING * * *
You feel sick.
* * * LOW HITPOINT WARNING * * *
You feel sick. The adder bites you.
* * * LOW HITPOINT WARNING * * *
You are more poisoned.
The adder poisons you!
* * * LOW HITPOINT WARNING * * *
You feel sick.
There is a stone staircase leading up here.
You die...

#.......##.....#
#.......##.....#
#.......##.....##
#.......# ......#####
#.......# #.##.#....
#.......####......#
#.......##.......####
#....>.....####...(..
####@####### ##...#.
#S# ###.## #K# #...
#.# #### #.# # ##.#
#..# .#[## ... ..


You could see an adder and a kobold.

Vanquished Creatures
  An adder (D:2)
  An orc (D:1)
  4 endoplasms
  2 giant cockroaches (D:1)
  3 goblins (D:1)
  A hobgoblin (D:1)
  3 jackals (D:1)
  4 kobolds
  5 ball pythons (D:1)
  A bat (D:1)
  3 rats (D:1)
28 creatures vanquished.

Notes
Turn   | Place    | Note
-------+----------+-------------------------------------------
     0 | D:1      | Thatpatchoflichen the Ogre Hedge Wizard began the quest for
                  | the Orb.
     0 | D:1      | Reached XP level 1. HP: 16/16 MP: 5/5
   326 | D:1      | Reached skill level 1 in Fighting
   326 | D:1      | Reached XP level 2. HP: 10/27 MP: 2/6
   776 | D:1      | Found a faded altar of an unknown god.
   865 | D:1      | Reached skill level 4 in Spellcasting
  1061 | D:1      | Reached XP level 3. HP: 16/35 MP: 6/8
  1238 | D:1      | Learned a level 2 spell: Call Imp
  1241 | D:1      | Learned a level 2 spell: Slow
  1244 | D:1      | Learned a level 2 spell: Blink
  1792 | D:2      | Reached skill level 1 in Maces & Flails
  2112 | D:2      | HP: 1/35 [poisoned by an adder]
  2113 | D:2      | Succumbed to an adder's poison

Illustrated notes

Levels and vault maps discovered:
D:1:      amcnicky_arrival_feature_with_door, layout_loops_corners,
          basic_ecumenical_altar
D:2:      minmay_chambers_of_ones, layout_rooms
D:3:      layout_loops_ring, minmay_bisected

Skill      XL: |  1  2  3 |
---------------+----------+-----
Fighting       | 1 2 |  2.1
Dodging        | 2 |  2.0
Spellcasting   | 4 |  4.2
Maces & Flails | 1 |  1.0
Stealth        | |  1.4
Conjurations   | |  0.8
Summonings     | |  0.8
Translocations | |  0.8

Action                   || total
-------------------------++-------
Melee: Dagger            ||    14
       Whip              ||    76
       Mace              ||     3
 Cast: Magic Dart        ||    35
 Stab: Sleeping          ||     2
Armor: Robe              ||    24
Dodge: Dodged            ||    43
